Cogmind - Beta 14 @@@ ROGUE MODE // 2024.08.12 @ 14:40:57 Player: Andru7428 Result: Destroyed by P-60 Hacker with Shock Rifle Performance ------------- Evolutions (1) 500 Regions Visited (4) 800 Robots Destroyed (44) 220 Value Destroyed (1110) 1110 Prototype IDs (26) 520 Alien Tech Used (0) 0 Bonus (300) 300 TOTAL SCORE: 3450 Bonus ------- Aligned with FarCom 300 Cogmind --------- Core Integrity 0/400 Matter 176/300 Energy 10/100 System Corruption 9% Temperature Critical (616) Movement Core (800) Ox15 Location -9/Exiles Parts ------- > --- POWER (1) -------- (None) > --- PROPULSION (3) --- (None) > --- UTILITY (3) ------ Large Storage Unit Improved Targeting Computer Hardened Light Armor Plating > --- WEAPON (2) ------- Firepult > --- INVENTORY (15) --- Flying Fortress v7 Medium Armor Plating Skeleton Box Improved Medium Laser Heavy Ion Cannon Mini Grenade Launcher Flail Peak State ------------ > --- POWER ------------ Heavy Ion Engine > --- PROPULSION ------- Aluminum Leg > --- UTILITY ---------- Large Storage Unit Improved Targeting Computer Hardened Light Armor Plating > --- WEAPON ----------- Firepult > --- INVENTORY -------- Flying Fortress v7 Medium Armor Plating Skeleton Box Improved Medium Laser Heavy Ion Cannon Mini Grenade Launcher Flail [Rating: 34] Favorites ----------- Power Improved Ion Engine Engine Improved Ion Engine Propulsion Aluminum Leg Treads Light Treads Leg Aluminum Leg Utility Light Armor Plating Device Improved Heat Sink Storage Large Storage Unit Processor Improved Targeting Computer Protection Light Armor Plating Weapon Improved Medium Laser Energy Gun Improved Medium Laser Energy Cannon Firepult Ballistic Gun Autogun Launcher Grenade Launcher Impact Weapon Flail Build | -11 -10 -9 -9 -9 ------- Run | Yrd Mat Mat Min Exi Slots Evolved 2 | . . 2 . . Power . | . . . . . Propulsion 1 | . . 1 . . Utility 1 | . . 1 . . Weapon . | . . . . . Parts Attached 58 | 7 16 22 5 8 Power 12 | 1 5 5 . 1 Engine 12 | 1 5 5 . 1 Core . | . . . . . Reactor . | . . . . . Propulsion 15 | 2 3 7 1 2 Treads 2 | 2 . . . . Leg 13 | . 3 7 1 2 Wheel . | . . . . . Hover . | . . . . . Flight . | . . . . . Utility 15 | 2 4 7 . 2 Device 3 | 1 1 1 . . Storage 3 | 1 2 . . . Processor 1 | . . 1 . . Hackware . | . . . . . Protection 8 | . 1 5 . 2 Artifact . | . . . . . Weapon 16 | 2 4 3 4 3 Energy Gun 5 | . 1 1 2 1 Energy Cannon 2 | . . . 1 1 Ballistic Gun 6 | 2 2 2 . . Ballistic Cannon . | . . . . . Launcher 1 | . 1 . . . Special Weapon . | . . . . . Impact Weapon 2 | . . . 1 1 Slashing Weapon . | . . . . . Piercing Weapon . | . . . . . Special Melee Weapon . | . . . . . Unidentified Prototypes 1 | . . 1 . . Parts Lost 21 | . 11 1 . 9 Power 6 | . 4 . . 2 Propulsion 9 | . 3 1 . 5 Utility 2 | . 1 . . 1 Weapon 4 | . 3 . . 1 Highest Loss Streak 9 | . 5 1 . 9 To Critical Strikes . | . . . . . Average Slot Usage (%) 96 | . 89 100 100 97 Engine 11 | . 12 11 11 10 Treads 4 | . 13 . . . Leg 26 | . 14 33 33 31 Device 1 | . 3 . . . Storage 12 | . 14 11 11 11 Processor 7 | . . 11 11 11 Protection 8 | . 4 10 11 10 Energy Gun 8 | . 4 11 10 11 Ballistic Gun 12 | . 17 11 11 6 Launcher 1 | . 3 . . . Peak Build Rating 34 | 7 9 20 20 34 Average Rating 13 | 5 6 16 18 20 On Entrance 10 | . 7 8 19 19 Naked Turns . | . . . . . Heaviest Build 38 | 13 31 36 36 38 Greatest Support 40 | 40 40 36 36 36 Greatest Overweight (x) 1 | . 1 1 . 1 Average Overweight (x) . | . . . . . Largest Inventory Capacity 15 | 8 15 15 15 15 Average Capacity 12 | 6 9 15 15 15 Most Carried 15 | 6 13 15 15 15 Average Carried 11 | 4 7 14 15 14 Final Capacity 15 | 8 15 15 15 15 Final Carried 15 | 6 13 15 15 10 Class Distribution -------------------- 78% | Mutant 21% | Scavenger-Mutant Dominant Class ---------------- Mutant | -10/Materials Scavenger-Mutant | -9/Materials Mutant | -9/Mines Mutant | -9/Exiles Resources | -11 -10 -9 -9 -9 ----------- Run | Yrd Mat Mat Min Exi Matter Collected 1128 | 288 282 479 79 . Remotely . | . . . . . Salvage Created 1615 | 13 508 903 40 151 Parts 113 | 4 40 61 2 6 Haulers Intercepted 6 | . 2 4 . . Recyclers Shooed 2 | 1 1 . . . Parts Field Recycled . | . . . . . Retrieved Matter . | . . . . . Parts Self-Destructed . | . . . . . Prevented . | . . . . . Kills | -11 -10 -9 -9 -9 ------- Run | Yrd Mat Mat Min Exi Combat Hostiles Destroyed 34 | . 16 13 1 4 Guns 26 | . 12 12 1 1 AOE 7 | . 4 . . 3 Classes Destroyed 9 | 1 5 3 . . Worker 1 | . 1 . . . Tunneler 1 | 1 . . . . Hauler 6 | . 2 4 . . Watcher 2 | . 1 1 . . Swarmer 9 | . 9 . . . Grunt 15 | . 7 4 1 3 Brawler 1 | . . 1 . . Duelist 2 | . . 1 . 1 Sentry 7 | . . 7 . . Best Kill Streak 3 | 1 3 3 1 3 Combat Bots Only 3 | . 3 2 1 3 Max Kills in Single Turn 2 | 1 2 1 1 2 Gunslinging . | . . . . . Exploded 2 | . 2 . . 2 Melee . | . . . . . Uniques/NPCs Destroyed . | . . . . . Combat | -11 -10 -9 -9 -9 -------- Run | Yrd Mat Mat Min Exi Hostile Shots Fired 353 | . 147 74 2 130 Missed 96 | . 31 20 . 45 Damage Taken 3389 | . 1264 782 49 1294 Core 626 | . 225 139 11 251 Absorbed by Shields . | . . . . . Core Remaining (%) 55 | 100 10 . . . Volleys Fired 156 | 3 76 70 2 5 Largest 2 | 2 2 2 2 2 Hottest 250 | 40 70 79 79 250 Shots Fired 278 | 6 121 140 4 7 Gun 270 | 6 116 140 4 4 Cannon 3 | . . . . 3 Launcher 5 | . 5 . . . Special . | . . . . . Kinetic 184 | 6 106 70 2 . Thermal 89 | . 10 70 2 7 Explosive 5 | . 5 . . . Electromagnetic . | . . . . . Robot Hit Streak 39 | 3 14 39 5 5 Robot Miss Streak 5 | 1 5 4 . 1 Penetration Max . | . . . . . Secondary Targets 1 | . 1 . . . Max Gunslinging Chain 1 | . 1 . . . Shots Hit Robots 199 | 5 75 112 4 3 Core Hits 77 | 1 30 32 1 13 Critical Kills . | . . . . . Critical Parts Destroyed 1 | . . 1 . . Critical Strikes 8 | . 1 7 . . Burn 7 | . 1 6 . . Destroy 1 | . . 1 . . Melee Attacks 6 | . . . 6 . Impact 6 | . . . 6 . Slashing . | . . . . . Piercing . | . . . . . Sneak Attacks . | . . . . . Combat Hostiles . | . . . . . Follow-up Attacks . | . . . . . Damage Inflicted 3594 | 56 1152 1598 59 729 Guns 2635 | 56 893 1588 59 39 Cannons 99 | . . . . 99 Explosions 838 | . 247 . . 591 Melee . | . . . . . Ramming 22 | . 12 10 . . Kinetic 1661 | 56 802 777 26 . Thermal 1664 | . 91 811 33 729 Explosive 247 | . 247 . . . Electromagnetic . | . . . . . Impact . | . . . . . Slashing . | . . . . . Piercing . | . . . . . Highest Corruption 9 | . 1 . . 9 Average Corruption 1 | . 1 . . 5 Corruption Purged . | . . . . . Corruption Blocked . | . . . . . Effects 8 | . 6 . . 2 Message Errors 3 | . 2 . . 1 Matter Fused 2 | . 2 . . . Heat Flow Errors 1 | . 1 . . . Data Loss (minor) 1 | . . . . 1 Alerts 1 | . 1 . . . Overload Shots . | . . . . . Overflow Damage 42 | . 33 . . 9 Projectiles . | . . . . . Explosions 42 | . 33 . . 9 Melee . | . . . . . Knockbacks 1 | . . 1 . . Impact 1 | . . 1 . . Kinetic . | . . . . . Secondary . | . . . . . Self-Inflicted Damage 39 | . 39 . . . Shots 1 | . 1 . . . Rammed . | . . . . . Targets Rammed 8 | . 6 2 . . Kicked 8 | . 6 2 . . Crushed . | . . . . . Highest Temperature 616 | . 273 227 40 616 Average Temperature 74 | . 54 71 21 187 Received Heat Transfer 957 | . 402 423 12 120 Effects 2 | . . . . 2 Matter Decay 1 | . . . . 1 Damage (core) 1 | . . . . 1 Siege Activations . | . . . . . Robots Corrupted . | . . . . . Combat Hostiles . | . . . . . Parts Fried . | . . . . . Impact Corruptions . | . . . . . Robots Melted 1 | . . 1 . . Combat Hostiles 1 | . . 1 . . Parts Melted 14 | . . 8 . 6 Heat Transferred 6449 | . 333 2368 74 3674 Parts Sabotaged . | . . . . . Parts Stolen . | . . . . . Parts Stripped . | . . . . . Power Chain Reactions . | . . . . . Alert | -11 -10 -9 -9 -9 ------- Run | Yrd Mat Mat Min Exi Peak Influence 325 | 5 165 325 85 . Initial 85 | . 3 65 85 . Average 103 | 1 88 150 65 . Maximum Alert Level 1 | . . 1 . . Low Security (%) 86 | 100 100 65 100 . Level 1 13 | . . 34 . . Level 2 . | . . . . . Level 3 . | . . . . . Level 4 . | . . . . . Level 5 . | . . . . . High Security . | . . . . . Max Security . | . . . . . Squads Dispatched 4 | . 2 2 . . Investigation 2 | . 1 1 . . Extermination . | . . . . . Reinforcement 2 | . 1 1 . . Assault . | . . . . . Garrison . | . . . . . Intercept . | . . . . . Searches Triggered . | . . . . . Construction Impeded . | . . . . . Haulers Reinforced . | . . . . . Active Scanning Responses . | . . . . . Cargo Convoy Interrupts . | . . . . . Stealth | -11 -10 -9 -9 -9 --------- Run | Yrd Mat Mat Min Exi Distress Signals 3 | . . 3 . . Communications Jammed . | . . . . . Distress Signals . | . . . . . Times Spotted 71 | . 27 28 1 15 Peak Tracking Total 21 | . 4 4 1 21 Tactical Retreats 7 | . 3 4 . . Traps | -11 -10 -9 -9 -9 ------- Run | Yrd Mat Mat Min Exi Traps Triggered 3 | . 2 1 . . Indirectly . | . . . . . Trap Hack Attempts . | . . . . . Triggered . | . . . . . Disarmed . | . . . . . Reprogrammed . | . . . . . Reused . | . . . . . Traps Extracted . | . . . . . Installed . | . . . . . Triggered . | . . . . . Machines | -11 -10 -9 -9 -9 ---------- Run | Yrd Mat Mat Min Exi Machines Disabled 1 | . . . . 1 Max in Single Turn 1 | . . . . 1 Machines Repaired . | . . . . . Machines Dismantled . | . . . . . Machines Sabotaged . | . . . . . Overloaded Fab Kills . | . . . . . Hacking | -11 -10 -9 -9 -9 --------- Run | Yrd Mat Mat Min Exi Machines Accessed 11 | . 4 5 1 1 Terminals 9 | . 4 5 . . Fabricators . | . . . . . Repair Stations . | . . . . . Recycling Units . | . . . . . Scanalyzers . | . . . . . Garrison Access . | . . . . . Total Hacks 25 | . 9 14 1 1 Successful 16 | . 4 10 1 1 Failed 9 | . 5 4 . . Catastrophic 2 | . 1 1 . . Database Lockouts . | . . . . . Manual 14 | . 5 8 . 1 Terminals 23 | . 9 14 . . Fabricators . | . . . . . Repair Stations . | . . . . . Recycling Units . | . . . . . Scanalyzers . | . . . . . Garrison Access . | . . . . . Terminal Hacks 15 | . 4 9 1 1 Robot Analysis 2 | . 1 1 . . Prototype ID Bank 1 | . 1 . . . Open Door 1 | . . . 1 . Branch Access Points 1 | . . 1 . . Emergency Access Points 1 | . . 1 . . Unreport Threat 3 | . 2 1 . . Locate Traps 1 | . . 1 . . Hauler Manifests 2 | . . 2 . . Zone Layout 2 | . . 2 . . Derelict Proto ID Bank 1 | . . . . 1 Fabricator Hacks . | . . . . . Repair Station Hacks . | . . . . . Recycling Unit Hacks . | . . . . . Scanalyzer . | . . . . . Garrison Access Hacks . | . . . . . Unauthorized Hacks 1 | . . 1 . . Terminals 1 | . . 1 . . Botnet 1 | . . 1 . . Fabricators . | . . . . . Repair Stations . | . . . . . Recycling Units . | . . . . . Scanalyzers . | . . . . . Garrison Access . | . . . . . Data Cores Recovered . | . . . . . Used . | . . . . . Hacking Detections 7 | . 3 4 . . Full Trace Events . | . . . . . Feedback Events . | . . . . . Feedback Blocked . | . . . . . Robot Schematics Acquired . | . . . . . Robots Built . | . . . . . Authchips . | . . . . . Time . | . . . . . Total Robot Build Rating . | . . . . . Part Schematics Acquired . | . . . . . Parts Built . | . . . . . Authchips . | . . . . . Time . | . . . . . Total Part Build Rating . | . . . . . Parts Repaired . | . . . . . Time . | . . . . . Parts Recycled . | . . . . . Recycled Matter . | . . . . . Retrieved Matter . | . . . . . Retrieved Components . | . . . . . Parts Scanalyzed . | . . . . . Part Schematics Acquired . | . . . . . Parts Damaged . | . . . . . Bothacking | -11 -10 -9 -9 -9 ------------ Run | Yrd Mat Mat Min Exi Used RIF Installer . | . . . . . Robots Hacked . | . . . . . Non-combat . | . . . . . Combat . | . . . . . Robot Hacks Applied . | . . . . . Relay Couplers Released . | . . . . . Fabnet Peak Effective % . | . . . . . Robots Rewired . | . . . . . Allies Hacked . | . . . . . Hacks Repelled . | . . . . . Allies | -11 -10 -9 -9 -9 -------- Run | Yrd Mat Mat Min Exi Total Allies . | . . . . . Largest Group . | . . . . . Highest-Rated Group . | . . . . . Highest-Rated Ally . | . . . . . Total Orders . | . . . . . Ally Attacks . | . . . . . Total Damage . | . . . . . Kills . | . . . . . Allies Corrupted . | . . . . . Allies Melted . | . . . . . Intel | -11 -10 -9 -9 -9 ------- Run | Yrd Mat Mat Min Exi Robot Analysis Total 2 | . 1 1 . . Derelict Logs Recovered 1 | . . . 1 . Drone Launches . | . . . . . Drone Recoveries . | . . . . . Exploration | -11 -10 -9 -9 -9 ------------- Run | Yrd Mat Mat Min Exi Turns Passed 3350 | 118 1102 1080 564 486 Spaces Moved 1850 | 57 552 542 330 369 Core 4 | 4 . . . . Treads 308 | 53 255 . . . Legs 1538 | . 297 542 330 369 Wheels . | . . . . . Hover . | . . . . . Flight . | . . . . . Fastest Speed 50 | 50 120 120 120 120 Average Speed 133 | 152 150 129 120 122 Slowest Speed 190 | 160 190 190 120 190 Overloaded Moves . | . . . . . Propulsion Burnouts . | . . . . . Robots Hopped . | . . . . . Cave-ins Triggered . | . . . . . Exploration Rate (%) 53 | 4 84 52 72 56 Regions Visited 4 Branch Regions 2 Pre-discovered Areas . | . . . . . Known Exits Taken 1 | . . 1 . . Unknown Exits Taken 3 | 1 1 . 1 . Scrap Searched 1 | . . . 1 . Spaces Dug . | . . . . . Terrain Destroyed 36 | . 33 . . 3 Melee . | . . . . . Projectile . | . . . . . AOE 36 | . 33 . . 3 Terrain Rammed . | . . . . . Walls Destroyed . | . . . . . Machines Disabled . | . . . . . Actions | -11 -10 -9 -9 -9 --------- Run | Yrd Mat Mat Min Exi Total 2474 | 79 708 805 484 398 Wait 307 | 5 32 125 140 5 Move 1846 | 56 551 541 329 369 Hop . | . . . . . Pick Up 47 | 7 19 18 . 3 Fast Attach 15 | 7 4 3 1 . Attach 18 | . 10 3 . 5 Detach 4 | . 2 1 . 1 Swap 25 | . 2 16 4 3 Drop 42 | 1 6 26 2 7 Fire 156 | 3 76 70 2 5 Melee 6 | . . . 6 . Ram . | . . . . . Kick 8 | . 6 2 . . Crush . | . . . . . Escape Stasis . | . . . . . Rewire . | . . . . . Trap . | . . . . . Miscellaneous . | . . . . . Route ------- -11/Scrapyard -10/Materials (discovered 3 exits: *Mat x3) -9/Materials -9/Mines (discovered 3 exits: [*Mat x2] / *Exi) -9/Exiles History --------- Turn | Location | Event 7 | -11/Scrapyard | Discovered new exit (range 15) 119 | -11/Scrapyard | Entered Materials 312 | -10/Materials | Build established: Mutant 515 | -10/Materials | Discovered new exit (range 4) 664 | -10/Materials | Discovered new exit (range 9) 682 | -10/Materials | Core integrity fell below 50% 712 | -10/Materials | Lost 5 parts (1p2n2w) 732 | -10/Materials | Core integrity fell below 20% 934 | -10/Materials | Discovered new exit (range 11) 1221 | -10/Materials | Entered another Materials area 1221 | -9/Materials | Evolved 2 slots: Propulsion x1, Utility x1 1528 | -9/Materials | Build established: Scavenger-Mutant 1762 | -9/Materials | Discovered new exit (range 9) 1871 | -9/Materials | Build established: Mutant 2128 | -9/Materials | Identified exit to Mines 2171 | -9/Materials | Build established: Scavenger-Mutant 2301 | -9/Materials | Entered Mines 2348 | -9/Mines | Discovered new exit (range 8) 2357 | -9/Mines | Met a Derelict who couldn't figure out how to use a Trap Extractor 2512 | -9/Mines | Build established: Mutant 2538 | -9/Mines | Learned 2 Materials zone layouts 2563 | -9/Mines | Excavation squad dispatched 2563 | -9/Mines | A large section of the Mines collapsed 2763 | -9/Mines | Deemed a non-threat by the Exiles lab entrance 2777 | -9/Mines | Discovered new exit (range 11) 2799 | -9/Mines | Found a hidden stash of uninstalled traps 2835 | -9/Mines | Discovered new exit (range 5) 2865 | -9/Mines | Entered Exiles 2894 | -9/Exiles | Met 8R-AWN 2915 | -9/Exiles | Met EX-HEX 2960 | -9/Exiles | Met EX-DEC 3067 | -9/Exiles | Met EX-BIN 3081 | -9/Exiles | Aligned with FarCom system 3083 | -9/Exiles | Given EX-Vault access code 3113 | -9/Exiles | Opened EX-Vault 3141 | -9/Exiles | Warned to stay clear of 0b10 Research branches 3163 | -9/Exiles | Exiles lab attacked by MAIN.C 3233 | -9/Exiles | Found Firepult 3240 | -9/Exiles | Found Flying Fortress v7 3246 | -9/Exiles | Found Skeleton Box 3327 | -9/Exiles | Core integrity fell below 50% 3351 | -9/Exiles | Core integrity fell below 20% 3351 | -9/Exiles | Destroyed by P-60 Hacker with Shock Rifle Last Messages --------------- 03346_ LQ0 7CR%L OSLDA6KD/J|8I DSZ RR 03346_ G-34 Mercenary heat damages core (-3). 03346_ P-60 Hacker resets G-34 Mercenary, system corruption cleaned. 03346_ G-34 Mercenary destroyed. 03346_ G-34 Mercenary overheating. 03347_ Penetrated by Slug. 03348_ G-34 Mercenary heat damages Aluminum Leg. 03348_ Hvy. Ion Engine destroyed. 03348_ G-34 Mercenary overheating. 03349_ G-34 Mercenary heat damages Sml. Laser. 03349_ Penetrated by Slug. 03349_ Melee Analysis Suite melted. 03349_ Katana melted. 03349_ L-31 Rogue destroyed. 03349_ G-34 Mercenary overheating. 03350_ G-34 Mercenary heat damages Ion Engine. 03350_ G-34 Mercenary heat damages Sml. Laser. 03350_ G-34 Mercenary overheating. 03351_ Overheating: Core damaged (-56). Map ----- +----------------------------------------------------+ | ??????????????????????????????????????""""""?# | | ??????????????????????????????????????"""" ## | | ?????????????????????????????????????#""X" | | ?????????????????????????????????????#" | | ?????????????????????????????????????#" ## | | ?????????????????????????????????????#""""""?# | | ?????????????????????????????????????##"###??# | | ?????????????????????????????????????? ??????# | | ?????????????????????????????????????????????# | | ????????????????????????????????????????????## | | ????????????????????????????????????????????#" | | ????????????????????????????????????????????#" | | ????????????????????????????????????????????#" | | ????????????????????????????????????????????#" | | ???????????????????????????????#####????????#" | | ??????????????????????????????? """#???????#" | | ???????????????????????????????" """#???????## | | ??????????????????????????????"" #????????# | | ??????????????????????????????"" #????????#" | | ??????????????????????????????"" "#????????#" | | ?????????????????????????????? ""?????????#" | | ???????????????????????????????" "?????????##" | | ????????????? ??????????????# #????????##"" | | ?????????????"" #####????### ###?######"" * | | ?????????????#" " "##### # #"###""""""" | | ?????????????#" @ "" " "" | | ???????????????# g | | ???????????????## %=p | | ????????????????### !%p | | ??????????????????### gg | | ????????????????????## | | ?????????????????????## % | | ??????????????????????##" | | ???????????????????????#" g """"" | | ??????????????????????##" [% ######"" | | ??????????????????????#"" ""##????### | | ??????????????????????#""" % """##???????? | | ??????????????????????""" """##????????? | | ??????????????????????""" "#?????????? | | ?????????????????????#"" ##?????????? | | ?????????????????????#""" #????????? | | ??????????????????????"" %% ??????? | | ??????????????????????#"" ????? | | ??????????????????????#"""" ???? | | ???????????????????????# ???? | | ???????????????????????#" " ???? | | ????????????????????????"""" ""????? | | ???????????????????????#"" ""#?????? | | ?????????????????????????? """"???????? | | ??????????????????????????" ??????????? | +----------------------------------------------------+ Best States ------------- Heat Dissipation 39 Energy Generation 14 Energy Capacity 280 Matter Stores 300 Matter Capacity 300 Sight Range 16 Terrain Scan Density 10 Armor Coverage 150 Evasion (%) 55 Targeting Accuracy 6 Recoil Reduction 2 Item Schematics ----------------- None Robot Schematics ------------------ None Fabricated ------------ Nothing Alien Tech Used ----------------- None Achievements -------------- None Challenges ------------ None Game ------ Seed MachineSmartbombSink Manual? 0 Play Time 00:37:53 Cumulative 218.8 hours Start 2024.08.11 @ 18:16:23 End 2024.08.12 @ 14:40:57 Sessions 3 Manual Loads 0 Difficulty Rogue Special Mode None Game No. 163 Rogue 163 Adventurer 0 Explorer 0 Win Type - Total 3 Types 3/0/0/0/0/0/0/0/0 Lore% 58 Gallery% 72 Achievement% 62 Wizard Run 0 Options --------- Layout 1 ASCII 0 Keyboard 1 Movement Numpad Keybinds 0 Fullscreen 2 Font 24/Smallcaps Map View 50x35 Zoom Use 0% Tactical HUD 1 Map Filters NONE Filters NONE Steam 1 RUN: 456033f3-c936-4d5a-b901-a9f7656500c5